 Dungeon Crawl Stone Soup version 0.21-a0-94-gdd6ab6a (webtiles) character file.

101 Musica the Poker (level 4, -3/34 HPs)
             Began as a Merfolk Gladiator on July 3, 2017.
             Killed from afar by Sigmund (7 damage)
             ... with a magic dart
             ... on level 3 of the Dungeon.
             The game lasted 00:06:44 (2337 turns).

Musica the Poker (Merfolk Gladiator)                Turns: 2337, Time: 00:06:45

Health: -3/34      AC:  5    Str: 16    XL:     4   Next: 75%
Magic:  4/4        EV: 15    Int:  7    God:
Gold:   214        SH:  0    Dex: 16    Spells: 3/3 levels left

rFire    + . .     SeeInvis .   a - +0 trident
rCold    + . .     Gourm    .   (no shield)
rNeg     . . .     Faith    .   b - +0 leather armour
rPois    +         Spirit   .   c - +1 helmet
rElec    +         Reflect  .   (no cloak)
rCorr    +         Harm     .   (no gloves)
MR       .....                  (no boots)
Stlth    +.........             (no amulet)
HPRegen  0.11/turn              (no ring)
MPRegen  0.09/turn              (no ring)

@: resistant
A: change form in water, swift swim, stealthy swim, strong 1, sturdy frame 1
a: no special abilities


You were on level 3 of the Dungeon.
You were not hungry.

You visited 1 branch of the dungeon, and saw 4 of its levels.

You collected 214 gold pieces.

Inventory:

Hand Weapons
 a - a +0 trident (weapon)
 o - a +0 hunting sling
Missiles
 d - 3 throwing nets (quivered)
 j - 52 bolts
 l - 72 sling bullets
 m - 68 arrows
Armour
 b - a +0 leather armour (worn)
 c - a +1 helmet (worn)
Jewellery
 h - an uncursed amulet of rage
Scrolls
 k - a scroll of identify
Comestibles
 f - 3 bread rations
 g - a meat ration
 r - a royal jelly


   Skills:
 + Level 2.5 Fighting
 + Level 6.7 Polearms
 - Level 2.0 Throwing
 + Level 5.0 Dodging


You had 3 spell levels left.
You didn't know any spells.

Dungeon Overview and Level Annotations

Branches:
Dungeon (4/15)
 Temple: D:4-7

Altars:

Shops:
D:4 *

Annotations:
D:3 Sigmund


Innate Abilities, Weirdness & Mutations

You revert to your normal form in water.
You are very nimble and swift while swimming.
You are very stealthy in the water. (Stealth+)
Your muscles are strong. (Str +2)
Your movements are slightly less encumbered by armour. (ER -2)


Message History

You closely miss something. You barely miss something.
Something hits you but does no damage.
You miss something.
You hear some strange, mumbled words.
A puff of flame appears from out of thin air!
The puff of flame hits you!
* * * LOW HITPOINT WARNING * * *
You closely miss something. Something hits you.
* * * LOW HITPOINT WARNING * * *
You hit something but do no damage. You hit something.
Something hits you but does no damage.
You feel protected. Something hits you.
* * * LOW HITPOINT WARNING * * *
You closely miss something. You closely miss something.
You hear some strange, mumbled words.
A magic dart appears from out of thin air!
The magic dart hits you!
You die...

#......# #......####
#.........# #.........#
#.........# #.........#
#.........#
##....#....##############
.[..............@......>#
##..#.#################.#
#..#....# #.#
#..#....######### #.#
#..#....##......# #.#
#..#....##......#
#.#######
#..#....##......#
#.......#
#..#....##......#
#######.#
#..#....##......# #.#


There were no monsters in sight!

Vanquished Creatures
  Robin (D:2)
  2 adders
  An ooze (D:2)
  2 worms (D:2)
  A dart slug (D:3)
  3 leopard geckos
  6 bats
  2 giant cockroaches
  9 goblins (D:2)
  10 hobgoblins
  2 frilled lizards
  4 kobolds (D:1)
  14 rats
  A plant (D:1)
58 creatures vanquished.

Notes
Turn   | Place    | Note
-------+----------+-------------------------------------------
     0 | D:1      | Musica the Merfolk Gladiator began the quest for the Orb.
     0 | D:1      | Reached XP level 1. HP: 16/16 MP: 1/1
   217 | D:1      | Reached XP level 2. HP: 15/23 MP: 2/2
   247 | D:1      | Reached skill level 5 in Polearms
   983 | D:2      | Reached XP level 3. HP: 28/28 MP: 3/3
  1254 | D:2      | Noticed Robin
  1274 | D:2      | Killed Robin
  1274 | D:2      | Reached skill level 6 in Polearms
  1274 | D:2      | Reached XP level 4. HP: 32/34 MP: 4/4
  2112 | D:3      | Gained mutation: You are partially covered in molten scales. (AC +2) [potion of mutation]
  2112 | D:3      | Gained mutation: You are resistant to hostile enchantments. (MR+) [potion of mutation]
  2113 | D:3      | Lost mutation: You are partially covered in molten scales. (AC +2) [potion of mutation]
  2113 | D:3      | Lost mutation: You are resistant to hostile enchantments. (MR+) [potion of mutation]
  2113 | D:3      | Gained mutation: Your movements are slightly less encumbered by armour. (ER -2) [potion of mutation]
  2113 | D:3      | Gained mutation: Your muscles are strong. (Str +2) [potion of mutation]
  2173 | D:3      | Reached skill level 5 in Dodging
  2190 | D:4      | Found Jair's General Store.
  2225 | D:3      | Noticed Sigmund
  2337 | D:3      | Killed from afar by Sigmund

Vault maps used:
D:1:      denvon_arrival_planthouse
D:2:      first_bread, dk_noncrumbling_3, moated_statue, uniq_robin
D:3:      uniq_sigmund
D:4:      serial_shops, nicolae_shop_crystal

Skill      XL: |  1  2  3  4 |
---------------+-------------+-----
Polearms       | 5 6 |  6.7
Dodging        | 5 |  5.0
Fighting       | |  2.5
Throwing       | |  2.0

Action                   |  1- 3 |  4- 6 || total
-------------------------+-------+-------++-------
Melee: Trident           |   148 |   105 ||   253
  Use: Potion            |       |     7 ||     7
       Scroll            |       |     5 ||     5
 Stab: Sleeping          |     4 |     1 ||     5
  Eat: Chunk             |     1 |     4 ||     5
Armor: Leather armour    |    18 |    10 ||    28
Dodge: Dodged            |    54 |    50 ||   104
